 Dungeon Sprint DCSS version 0.32-a0-834-geaf45d8e21 (webtiles) character file.

Game seed: 11976925086121057129

5555 rocky1 the Slayer (level 12, 0/137 HPs)
             Began as a Mountain Dwarf Fighter on Mar 26, 2024.
             Was an Initiate of Gozag.
             Shot with an arrow by a naga sharpshooter (21 damage)
             ... in the Dungeon (Sprint VI: "Thunderdome").
             The game lasted 00:20:52 (2097 turns).

rocky1 the Slayer (Mountain Dwarf Fighter)          Turns: 2097, Time: 00:20:54

Health: 0/137      AC: 29    Str: 31    XL:     12   Next: 48%
Magic:  8/12       EV:  3    Int: 14    God:    Gozag
Gold:   573        SH: 10    Dex: 17    Spells: 11/11 levels left

rFire   + + +        f - +8 broad axe (freeze)
rCold   + + +        w - +3 buckler of the Saviour {rPois Dex+4}
rNeg    . . .        z - +0 gold dragon scales
rPois   +            p - +2 helmet of Teliallunt {rF+ Will+ Dex+4}
rElec   .            v - +1 cloak "Luetz" {rC++ Will+ rCorr Int-4}
rCorr   +            t - +2 pair of gloves of Responsibility {rCorr Int+3}
SInv    .            (no boots)
Will    ++++.        s - amulet of the Floral God {Faith rF+} Stlth
                     g - ring of Egalitarianism {rF++ rC+ Str+3 Int+6}
HPRegen 0.42/turn    r - ring "Pele" {Will+ EV+5 Str+4 Stlth+}
MPRegen 0.13/turn

%: no teleportation, faith
@: gold aura, constricted
A: runic magic, artefact enchanting
}: 2/15 runes: decaying, gossamer
a: Renounce Religion, Potion Petition, Call Merchant, Bribe Branch


You were in the Dungeon.
You worshipped Gozag.
Gozag was pleased with you.
You visited 1 branch You collected 8772 gold pieces.
You spent 7384 gold pieces at shops.
You paid 815 gold pieces to Gozag.

Inventory:

Hand Weapons
 a - a +0 flail
 f - a +8 broad axe of freezing (weapon)
Armour
 b - a +0 scale mail
 c - a +0 buckler
 i - the +0 buckler of Hairiness {Regen+}
   (You bought it in a shop in the Dungeon)

   Regen+:    It increases your rate of health regeneration.
 l - the +2 cloak "Vyolimut" {Fly Regen+ Str-5 Int+3}
   (You bought it in a shop in the Dungeon)

   Str-5:     It affects your strength (-5).
   Int+3:     It affects your intelligence (+3).
   Fly:       It grants you flight.
   Regen+:    It increases your rate of health regeneration.
 p - the +2 helmet of Teliallunt (worn) {rF+ Will+ Dex+4}
   (You bought it in a shop in the Dungeon)

   Dex+4:     It affects your dexterity (+4).
   rF+:       It protects you from fire.
   Will+:     It increases your willpower.
 q - the +1 pair of boots "Likhotiha" {Harm rF+}
   (You bought it in a shop in the Dungeon)

   rF+:       It protects you from fire.
   Harm:      It increases damage dealt and taken.
 t - the +2 pair of gloves of Responsibility (worn) {rCorr Int+3}
   (You bought it in a shop in the Dungeon)

   Int+3:     It affects your intelligence (+3).
   rCorr:     It protects you from acid and corrosion.
 u - the +1 leather armour of Infinity {Str+5}
   (You bought it in a shop in the Dungeon)

   Str+5:     It affects your strength (+5).
 v - the +1 cloak "Luetz" (worn) {rC++ Will+ rCorr Int-4}
   (You bought it in a shop in the Dungeon)

   Int-4:     It affects your intelligence (-4).
   rC++:      It greatly protects you from cold.
   Will+:     It increases your willpower.
   rCorr:     It protects you from acid and corrosion.
 w - the +3 buckler of the Saviour (worn) {rPois Dex+4}
   (You bought it in a shop in the Dungeon)

   Dex+4:     It affects your dexterity (+4).
   rPois:     It protects you from poison.
 x - the -1 hat "Taibilol" {Int+4}
   (You bought it in a shop in the Dungeon)

   Int+4:     It affects your intelligence (+4).
 y - the +1 pair of gloves of Zimp {rElec rPois MP-9 Dex+3}
   (You bought it in a shop in the Dungeon)

   Dex+3:     It affects your dexterity (+3).
   rElec:     It insulates you from electricity.
   rPois:     It protects you from poison.
   MP-9:      It affects your magic capacity (-9).
 z - +0 gold dragon scales (worn)
Jewellery
 g - the ring of Egalitarianism (left hand) {rF++ rC+ Str+3 Int+6}
   (You found it in the Dungeon)

   [ring of intelligence]

   Str+3:     It affects your strength (+3).
   Int+6:     It affects your intelligence (+6).
   rF++:      It greatly protects you from fire.
   rC+:       It protects you from cold.
 m - the ring of Gacom {rPois rC+ Str+4}
   (You bought it in a shop in the Dungeon)

   [ring of poison resistance]

   Str+4:     It affects your strength (+4).
   rC+:       It protects you from cold.
   rPois:     It protects you from poison.
 o - the ring of Wufoff {rElec SInv}
   (You bought it in a shop in the Dungeon)

   [ring of see invisible]

   rElec:     It insulates you from electricity.
   SInv:      It lets you see invisible.
 r - the ring "Pele" (right hand) {Will+ EV+5 Str+4 Stlth+}
   (You bought it in a shop in the Dungeon)

   [ring of evasion]

   EV+5:      It affects your evasion (+5).
   Str+4:     It affects your strength (+4).
   Will+:     It increases your willpower.
   Stlth+:    It makes you more stealthy.
 s - the amulet of the Floral God (around neck) {Faith rF+}
   (You bought it in a shop in the Dungeon)

   [amulet of faith]

   Faith:     It allows you to gain divine favour quickly.
   rF+:       It protects you from fire.
Wands
 k - a wand of mindburst (6) (quivered)
Scrolls
 n - 2 scrolls of fog
 A - 5 scrolls of enchant armour
 D - 3 scrolls of blinking
Potions
 d - 3 potions of curing
 e - 12 potions of heal wounds
 h - 2 potions of magic
 j - a potion of experience


   Skills:
 + Level 22.1 Fighting
 - Level 19.9(20.0) Axes
 - Level 2.1(13.2) Maces & Flails
 - Level 14.4 Armour
 - Level 6.3 Dodging
 - Level 12.9 Shields


You had 11 spell levels left.
You didn't know any spells.
Your spell library was empty.

Dungeon Overview and Level Annotations

Branches:
Dungeon (1/1)

Altars:
Cheibriados
Dithmenos
Fedhas
Gozag
Kikubaaqudgha
Makhleb
Okawaru
Qazlal
Ru
Sif Muna
Trog
Uskayaw
Vehumet
Wu Jian
Xom
Yredelemnul
Zin
The Shining One
Beogh
Lugonu

Shops:
D *[=??*?*:[((!!!!


Innate Abilities, Weirdness & Mutations

Your spellcasting is much less encumbered by armour.
You can use scrolls of enchantment on lesser artefacts.


Message History

* * * LOW HITPOINT WARNING * * *
The naga mage hits you but does no damage.
The naga sharpshooter shoots an arrow.
You block the arrow.
As you read the scroll of fog, it dissolves into smoke.
The naga warrior roars a battlecry!
The naga mage hits you from afar with a +0 spear!
* * * LOW HITPOINT WARNING * * *
The nagaraja barely misses you. The nagaraja grabs you.
The nagaraja constricts you.
* * * LOW HITPOINT WARNING * * *
You feel much better. You block the naga mage's attack.
The nagaraja hits you with a +0 whip! The nagaraja constricts you.
You block the naga mage's attack.
Unknown command.
You slice the nagaraja!! You freeze the nagaraja.
The nagaraja is moderately wounded.
You block the nagaraja's attack. The nagaraja constricts you.
The naga mage is distracted by your dazzling golden aura.
You barely miss the nagaraja.
The nagaraja is moderately wounded.
The naga mage shouts!
The nagaraja spits poison at you. You block the splash of poison.
The nagaraja constricts you.
You slash the nagaraja! You freeze the nagaraja.
The nagaraja is heavily wounded.
The nagaraja hits you with a +0 whip.
* * * LOW HITPOINT WARNING * * *
The nagaraja constricts you.
* * * LOW HITPOINT WARNING * * *
The naga sharpshooter shoots an arrow.
The arrow hits you.
* * * LOW HITPOINT WARNING * * *
You slash the nagaraja! You freeze the nagaraja.
The nagaraja is severely wounded.
You block the nagaraja's attack. The nagaraja constricts you.
* * * LOW HITPOINT WARNING * * *
The naga sharpshooter mumbles some strange words.
The naga sharpshooter magically shoots an arrow.
The arrow hits you!!
You die...
Your body crumbles into a pile of gold.

#_......._# #_...N).._#
#........_# ###)...)....###
#⌠.....).....⌠#
######.ß.......§§ß.######
##∩__.......###§§§§..___∩##
##∩........ß.# #§ß§§......∩###
.......)...S.###@§N§...).....##
..........###.NN###.N........⌠#
...)......# #.NN# #..........⌠#
.[...[....###.).###.........)⌠#
.............###..).).....[..##
##∩.......)ß[# #.ß........∩###
##∩___......###..[..._._∩##
######.ß.........ß.######
#⌠...........⌠#


You could see a nagaraja (fast, strong, curare, catching breath), a naga warrior
(curare), a naga sharpshooter and 2 naga magi.

Vanquished Creatures
  Rupert (D)
  3 ghouls (D)
  An arcanist (D)
  2 boulder beetles (D)
  A shock serpent (D)
  A mana viper (D)
  6 bog bodies (D)
  An orb spider (D)
  10 ugly things (D)
  A salamander (D)
  An elephant (D)
  3 black mambas (D)
  A cane toad (D)
  2 naga magi (D)
  A komodo dragon (D)
  A queen bee (D)
  2 jumping spiders (D)
  A culicivora (D)
  A yak (D)
  A redback (D)
  A naga (D)
  A water moccasin (D)
  8 centaurs (D)
  A bullfrog (D)
  3 scorpions (D)
  5 killer bees (D)
  6 orc priests (D)
  2 ribbon worms (D)
  4 giant cockroaches (D)
72 creatures vanquished.

Vanquished Creatures (others)
  A spectral weapon (D)
1 creature vanquished.

Grand Total: 73 creatures vanquished

Notes
Turn   | Place    | Note
-------+----------+-------------------------------------------
     0 | D        | rocky1 the Mountain Dwarf Fighter began the quest for the
                  | Orb.
     0 | D        | Reached XP level 1. HP: 19/19 MP: 1/1
     5 | D        | Found a blossoming altar of Fedhas.
     5 | D        | Found a hide-covered altar of Uskayaw.
     5 | D        | Round 1.
     6 | D        | Found a stormy altar of Qazlal.
     6 | D        | Found an ancient bone altar of Kikubaaqudgha.
     7 | D        | Found Zoan's Timeless Talismans.
     7 | D        | Found an opulent altar of Gozag.
     7 | D        | Found a glowing silver altar of Zin.
     7 | D        | Found Raafec's Identification Station.
     8 | D        | Found Ruskol's Jewellery.
     8 | D        | Found Kaliady's Advanced Armour.
    23 | D        | Found a radiant altar of Vehumet.
    24 | D        | Found a shimmering altar of Xom.
    28 | D        | Became a worshipper of Gozag Ym Sagoz the Greedy
    52 | D        | Bought a faintly glowing gossamer ring for 45 gold pieces
    52 | D        | Identified the ring of Wufoff {rElec SInv} (You bought it
                  | in a shop in the Dungeon)
    52 | D        | Bought a brightly glowing golden ring for 45 gold pieces
    52 | D        | Identified the ring "Viam" {rN+ Will+ Int+5 Dex-4 Stlth+}
                  | (You bought it in a shop in the Dungeon)
    52 | D        | Bought a bound ivory amulet for 45 gold pieces
    52 | D        | Identified the amulet "Baps" {Reflect *Slow rF++ Will-
                  | Str+4 SH+5} (You bought it in a shop in the Dungeon)
    52 | D        | Bought a clouded copper ring for 45 gold pieces
    52 | D        | Identified the ring "Pele" {Will+ EV+5 Str+4 Stlth+} (You
                  | bought it in a shop in the Dungeon)
    52 | D        | Bought an ancient ruby amulet for 45 gold pieces
    52 | D        | Identified the amulet of the Floral God {Faith rF+} (You
                  | bought it in a shop in the Dungeon)
    94 | D        | Found a shadowy altar of Dithmenos.
    97 | D        | Found Woypn's Magic Scroll Shop.
    98 | D        | Found Xuloj's Magic Scroll Shop.
    98 | D        | Found Jikugargh's Must-Have Magic.
   107 | D        | Found an iron altar of Okawaru.
   109 | D        | Found Iwkij's Premium Goods.
   110 | D        | Found a basalt altar of Yredelemnul.
   110 | D        | Found a snail-covered altar of Cheibriados.
   110 | D        | Found Ymuqesho's Weapon Rack.
   112 | D        | Found Meikhas's Miscellaneous Merchandise.
   112 | D        | Found Deysy's Basic Armour.
   115 | D        | Found a sacrificial altar of Ru.
   117 | D        | Found an ornate altar of the Wu Jian Council.
   119 | D        | Found Sohuq's Do-It-Yourself Clinic.
   120 | D        | Found Arocsid's Bottled Wisdom.
   120 | D        | Found Pynnogask's Distillery.
   122 | D        | Found a roughly hewn altar of Beogh.
   122 | D        | Found a shimmering blue altar of Sif Muna.
   122 | D        | Found a burning altar of Makhleb.
   122 | D        | Found Hoidufaq's Distillery.
   129 | D        | Found a corrupted altar of Lugonu.
   161 | D        | Bought a +0 mace for 60 gold pieces
   177 | D        | Arena points: 4 (+4) [x1]
   192 | D        | Found Pazeaf's Staff Store.
   192 | D        | Found a glowing golden altar of the Shining One.
   192 | D        | Found a bloodstained altar of Trog.
   192 | D        | Round 2.
   194 | D        | Noticed a scorpion
   201 | D        | Killed a scorpion
   202 | D        | Reached skill level 5 in Fighting
   202 | D        | Reached skill level 5 in Axes
   202 | D        | Reached skill level 5 in Armour
   202 | D        | Reached skill level 5 in Shields
   202 | D        | Reached XP level 2. HP: 8/29 MP: 2/2
   202 | D        | Reached XP level 3. HP: 10/36 MP: 3/3
   225 | D        | Bought 4 potions of curing for 84 gold pieces
   226 | D        | Noticed a scorpion
   233 | D        | Killed a scorpion
   234 | D        | Reached XP level 4. HP: 29/44 MP: 4/4
   262 | D        | Noticed a scorpion
   269 | D        | Killed a scorpion
   270 | D        | Reached skill level 6 in Fighting
   270 | D        | Reached skill level 1 in Dodging
   270 | D        | Reached XP level 5. HP: 44/50 MP: 5/5
   290 | D        | Arena points: 32 (+28) [x2]
   367 | D        | Round 3.
   371 | D        | Noticed a queen bee
   393 | D        | Reached XP level 6. HP: 19/58 MP: 6/6
   394 | D        | Reached skill level 10 in Axes
   395 | D        | Killed a queen bee
   396 | D        | Reached skill level 7 in Fighting
   396 | D        | Reached XP level 7. HP: 32/67 MP: 7/7
   401 | D        | Arena points: 95 (+63) [x3]
   430 | D        | Bought 4 potions of curing for 84 gold pieces
   430 | D        | Bought 3 potions of heal wounds for 105 gold pieces
   430 | D        | Bought 3 potions of heal wounds for 105 gold pieces
   430 | D        | Bought 3 potions of heal wounds for 105 gold pieces
   430 | D        | Bought 3 potions of heal wounds for 105 gold pieces
   444 | D        | Bought a +0 broad axe for 120 gold pieces
   449 | D        | Round 4.
   466 | D        | Reached skill level 8 in Fighting
   573 | D        | Arena points: 207 (+112) [x4]
   645 | D        | Round 5.
   647 | D        | Noticed a witch
   649 | D        | Noticed a four-headed hydra
   687 | D        | Noticed a four-headed hydra
   688 | D        | Noticed a four-headed hydra
   688 | D        | Noticed a four-headed hydra
   688 | D        | Killed a witch
   688 | D        | Arena points: 447 (+240) [x6]
   689 | D        | Reached skill level 9 in Fighting
   689 | D        | Reached skill level 1 in Maces & Flails
   689 | D        | Reached skill level 10 in Armour
   689 | D        | Reached XP level 8. HP: 35/78 MP: 8/8
   694 | D        | Got a decaying rune of Zot
   695 | D        | Reached skill level 15 in Axes
   695 | D        | Reached XP level 9. HP: 41/85 MP: 9/9
   829 | D        | Bought a flickering silver ring for 45 gold pieces
   829 | D        | Identified the ring of the Philosopher {*Slow Fly rC+ Dex+3
                  | SInv} (You bought it in a shop in the Dungeon)
   829 | D        | Bought a pitted jade ring for 45 gold pieces
   829 | D        | Identified the ring "Kaufo" {Fly Dex+2} (You bought it in a
                  | shop in the Dungeon)
   829 | D        | Bought a scintillating copper ring for 45 gold pieces
   829 | D        | Identified the ring of Gacom {rPois rC+ Str+4} (You bought
                  | it in a shop in the Dungeon)
   829 | D        | Bought a pitted silver ring for 45 gold pieces
   829 | D        | Identified the ring of Juacof {Fly rC+} (You bought it in a
                  | shop in the Dungeon)
   855 | D        | Round 6.
   856 | D        | Noticed a naga mage
   874 | D        | Killed a naga mage
   875 | D        | Reached skill level 10 in Fighting
   879 | D        | Noticed a shock serpent
   898 | D        | Noticed a salamander
   905 | D        | Killed a shock serpent
   921 | D        | Killed a salamander
   922 | D        | Reached XP level 10. HP: 30/94 MP: 10/10
   956 | D        | Noticed a black mamba
   958 | D        | Noticed a black mamba
   963 | D        | Killed a black mamba
   964 | D        | Reached skill level 11 in Fighting
   967 | D        | Killed a black mamba
   984 | D        | Noticed a naga mage
   994 | D        | Killed a naga mage
   994 | D        | Arena points: 783 (+336) [x7]
  1020 | D        | Bought a bloodstained buckler for 332 gold pieces
  1020 | D        | Identified the +0 buckler of Hairiness {Regen+} (You bought
                  | it in a shop in the Dungeon)
  1020 | D        | Bought a jewelled cloak for 332 gold pieces
  1020 | D        | Identified the +2 cloak "Vyolimut" {Fly Regen+ Str-5 Int+3}
                  | (You bought it in a shop in the Dungeon)
  1020 | D        | Bought a brightly glowing helmet for 332 gold pieces
  1020 | D        | Identified the +0 helmet of Teliallunt {rF+ Will+ Dex+4}
                  | (You bought it in a shop in the Dungeon)
  1020 | D        | Bought a pair of faintly humming boots for 332 gold pieces
  1020 | D        | Identified the +1 pair of boots "Likhotiha" {Harm rF+} (You
                  | bought it in a shop in the Dungeon)
  1020 | D        | Bought a pair of slimy gloves for 332 gold pieces
  1020 | D        | Identified the +1 pair of gloves of Responsibility {rCorr
                  | Int+3} (You bought it in a shop in the Dungeon)
  1029 | D        | Round 7.
  1179 | D        | Arena points: 1287 (+504) [x8]
  1217 | D        | Bought a pitted leather armour for 245 gold pieces
  1217 | D        | Identified the +1 leather armour of Infinity {Str+5} (You
                  | bought it in a shop in the Dungeon)
  1217 | D        | Bought a dazzling cloak for 332 gold pieces
  1217 | D        | Identified the +1 cloak "Luetz" {rC++ Will+ rCorr Int-4}
                  | (You bought it in a shop in the Dungeon)
  1217 | D        | Bought a scorched buckler for 332 gold pieces
  1217 | D        | Identified the +3 buckler of the Saviour {rPois Dex+4} (You
                  | bought it in a shop in the Dungeon)
  1217 | D        | Bought a glimmering hat for 315 gold pieces
  1217 | D        | Identified the -1 hat "Taibilol" {Int+4} (You bought it in
                  | a shop in the Dungeon)
  1217 | D        | Bought a pair of jewelled gloves for 332 gold pieces
  1217 | D        | Identified the +1 pair of gloves of Zimp {rElec rPois MP-9
                  | Dex+3} (You bought it in a shop in the Dungeon)
  1226 | D        | Round 8.
  1241 | D        | Reached skill level 12 in Fighting
  1259 | D        | Noticed a cane toad
  1260 | D        | Noticed an elephant
  1268 | D        | Noticed Rupert
  1271 | D        | Noticed a boulder beetle
  1277 | D        | Killed a cane toad
  1283 | D        | Killed an elephant
  1294 | D        | Killed Rupert
  1295 | D        | Reached skill level 13 in Fighting
  1295 | D        | Reached skill level 5 in Dodging
  1295 | D        | Reached skill level 10 in Shields
  1295 | D        | Reached XP level 11. HP: 59/107 MP: 11/11
  1302 | D        | Killed a boulder beetle
  1310 | D        | Arena points: 1935 (+648) [x9]
  1330 | D        | Bought +0 gold dragon scales for 960 gold pieces
  1330 | D        | Round 9.
  1330 | D        | Noticed a white ugly thing
  1339 | D        | Noticed a purple ugly thing
  1340 | D        | Noticed a red ugly thing
  1341 | D        | Noticed a white ugly thing
  1350 | D        | Killed a white ugly thing
  1351 | D        | Reached skill level 14 in Fighting
  1352 | D        | Noticed a brown ugly thing
  1356 | D        | Killed a red ugly thing
  1359 | D        | Killed a red ugly thing
  1359 | D        | Noticed a purple ugly thing
  1360 | D        | Noticed a red ugly thing
  1361 | D        | Noticed a red ugly thing
  1362 | D        | Noticed a brown ugly thing
  1368 | D        | Noticed a brown ugly thing
  1370 | D        | Killed a brown ugly thing
  1374 | D        | Killed a purple ugly thing
  1379 | D        | Killed a brown ugly thing
  1380 | D        | Reached skill level 15 in Fighting
  1386 | D        | Killed a white ugly thing
  1395 | D        | Killed a brown ugly thing
  1401 | D        | Killed a purple ugly thing
  1404 | D        | Killed a red ugly thing
  1404 | D        | Arena points: 2925 (+990) [x10]
  1444 | D        | Round 10.
  1459 | D        | Reached skill level 16 in Fighting
  1469 | D        | Noticed an orb spider
  1495 | D        | Killed an orb spider
  1537 | D        | Noticed a boulder beetle
  1581 | D        | Killed a boulder beetle
  1582 | D        | Reached skill level 17 in Fighting
  1607 | D        | Identified the ring of Egalitarianism {rF++ rC+ Str+3
                  | Int+6} (You found it in the Dungeon)
  1607 | D        | Arena points: 4125 (+1200) [x12]
  1608 | D        | Got a gossamer rune of Zot
  1636 | D        | Bought 4 scrolls of enchant armour for 300 gold pieces
  1636 | D        | Bought 4 scrolls of enchant armour for 300 gold pieces
  1636 | D        | Bought 8 scrolls of enchant weapon for 600 gold pieces
  1636 | D        | Bought a scroll of brand weapon for 95 gold pieces
  1636 | D        | Bought 3 scrolls of blinking for 225 gold pieces
  1808 | D        | Round 11.
  1813 | D        | Noticed a ghoul
  1815 | D        | Noticed a bog body
  1826 | D        | Killed a ghoul
  1827 | D        | Reached skill level 18 in Fighting
  1827 | D        | Reached XP level 12. HP: 63/128 MP: 12/12
  1829 | D        | Reached skill level 19 in Fighting
  1829 | D        | Noticed a ghoul
  1841 | D        | Killed a ghoul
  1862 | D        | Reached skill level 20 in Fighting
  1892 | D        | Bought a scroll of brand weapon for 95 gold pieces
  1906 | D        | Noticed a ghoul
  1919 | D        | Reached skill level 21 in Fighting
  1923 | D        | Killed a ghoul
  1923 | D        | Arena points: 5555 (+1430) [x13]
  1947 | D        | Bought 3 potions of heal wounds for 105 gold pieces
  1947 | D        | Bought 3 potions of heal wounds for 105 gold pieces
  1947 | D        | Bought 3 potions of heal wounds for 105 gold pieces
  1947 | D        | Bought 3 potions of heal wounds for 105 gold pieces
  1979 | D        | Round 12.
  2067 | D        | Noticed a nagaraja
  2086 | D        | Reached skill level 22 in Fighting
  2097 | D        | Shot with an arrow by a naga sharpshooter

Illustrated notes

Levels and vault maps discovered:
D:        arena_sprint

Skill      XL: |  1  2  3  4  5  6  7  8  9 10 11 12 |
---------------+-------------------------------------+-----
Axes           | 5 7 8 9 11 14 15 17 19 | 19.9
Fighting       | 5 6 7 9 10 13 18 22 | 22.1
Armour         | 5 6 7 8 10 11 13 14 | 14.4
Shields        | 5 6 7 8 10 12 | 12.9
Dodging        | 1 2 3 4 5 6 |  6.3
Maces & Flails | 1 2 |  2.1

Action                     |  1- 3 |  4- 6 |  7- 9 | 10-12 || total
---------------------------+-------+-------+-------+-------++-------
  Melee: War axe           |    27 |    22 |     5 |       ||    54
         Broad axe         |       |       |    57 |   266 ||   323
         Flail             |       |       |    10 |       ||    10
 Invoke: Potion Petition   |       |       |       |     2 ||     2
  Evoke: Wand              |       |     4 |     8 |       ||    12
    Use: Potion            |     2 |     6 |     9 |    13 ||    30
         Scroll            |       |     2 |       |    16 ||    18
   Stab: Invisible         |       |       |       |    10 ||    10
         Distracted        |       |       |       |     4 ||     4
 Armour: Scale mail        |    21 |    23 |    41 |    66 ||   151
         Gold dragon scale |       |       |       |   101 ||   101
  Dodge: Dodged            |    12 |    35 |    59 |    88 ||   194
  Block: Buckler           |     5 |     7 |    15 |   101 ||   128

Table legend: (Time is in decaauts)
 A = Elapsed time spent in this place.
 B = Non-inter-level travel time spent in this place.
 C = Inter-level travel time spent in this place.
 D = Time resting spent in this place.
 E = Time spent auto-exploring this place.
 F = Levels seen in this place.
 G = Mean time per level.
                   A        B        C        D        E       F      G
               +--------+--------+--------+--------+--------+-----+--------+
         Total |   1959 |   1886 |     73 |    607 |     59 |   1 | 1959.0 |
       Dungeon |   1959 |   1886 |     73 |    607 |     59 |   1 | 1959.0 |
               +--------+--------+--------+--------+--------+-----+--------+

Top non-repeatable levels by time:
       D: 1959 daAuts
